General information
- name: BNet
- type: Ladder 1vs1/FFA
- host: Battle.net
- saver: 7.35
map: TurtleRock
- players: 2
- length: 60:48
- speed: Fast
- version: 1.24 W3XP
- replay type: Public
» download(170 KB)
Players
team 1 (loser)
youngunhua (
purple | 49 APM | 2996 actions | 60:47)
5 Mountain King
3 Storm Bolt
2 Thunder Clap
4 Paladin
1 Holy Light
1 Divine Shield
2 Devotion Aura
» actions
| Assign group hotkey | 55 | |
| Basic commands | 46 | |
| Build / train | 183 | |
| Enter build submenu | 68 | |
| Enter hero's abilities submenu | 9 | |
| Give item / drop item | 8 | |
| Remove unit from queue | 1 | |
| Right click | 899 | |
| Select / deselect | 687 | |
| Select group hotkey | 846 | |
| Use ability | 194 | |
2996 total
» units
| Peasant | 31 | |
| Footman | 5 | |
| Rifleman | 19 | |
| Knight | 2 | |
| Mortar Team | 2 | |
| Dragonhawk Rider | 3 | |
| Gryphon Rider | 2 | |
| Siege Engine | 1 | |
65 total
» upgrades
| Plating | 2 | |
| Masonry | 3 | |
| Gunpowder | 1 | |
| Armor | 2 | |
| Lumber Harvesting | 1 | |
| Long Rifles | 1 | |
| Magic Sentry | 1 | |
| Barrage | 1 | |
| Animal War Training | 1 | |
| Flare | 1 | |
14 total
» buildings
| Farm | 13 | |
| Barracks | 3 | |
| Altar of Kings | 3 | |
| Scout Tower | 20 | |
| Arcane Tower | 7 | |
| Blacksmith | 3 | |
| Lumber Mill | 4 | |
| Keep | 2 | |
| Arcane Vault | 2 | |
| Guard Tower | 39 | |
| Workshop | 3 | |
| Arcane Sanctum | 1 | |
| Castle | 2 | |
| Town Hall | 2 | |
| Gryphon Aviary | 1 | |
105 total
» build order
00:51 Farm
00:55 Barracks
02:14 Barracks
02:18 Farm
02:21 Altar of Kings
03:09 Altar of Kings
03:44 Scout Tower
03:59 Arcane Tower
04:08 Blacksmith
04:14 Farm
04:31 Scout Tower
04:50 Lumber Mill
04:59 Arcane Tower
05:30 Farm
05:48 Blacksmith
06:58 Keep
07:53 Arcane Vault
09:33 Scout Tower
10:10 Guard Tower
10:30 Farm
10:40 Guard Tower
11:07 Guard Tower
12:25 Workshop
13:58 Farm
14:51 Scout Tower
15:14 Guard Tower
15:23 Guard Tower
15:24 Guard Tower
15:45 Guard Tower
16:07 Arcane Sanctum
17:11 Guard Tower
17:17 Guard Tower
17:26 Guard Tower
18:46 Castle
19:12 Arcane Tower
19:14 Guard Tower
19:16 Guard Tower
20:07 Guard Tower
20:26 Guard Tower
20:57 Farm
21:28 Scout Tower
22:10 Guard Tower
22:45 Town Hall
23:29 Scout Tower
24:12 Guard Tower
25:16 Scout Tower
25:44 Guard Tower
26:16 Town Hall
26:25 Arcane Tower
27:11 Arcane Tower
28:04 Lumber Mill
28:49 Guard Tower
30:56 Scout Tower
31:54 Scout Tower
32:12 Guard Tower
32:16 Scout Tower
32:20 Arcane Tower
32:54 Arcane Tower
34:40 Altar of Kings
34:43 Scout Tower
34:46 Lumber Mill
34:50 Lumber Mill
35:10 Keep
35:20 Scout Tower
35:30 Farm
35:41 Guard Tower
35:50 Farm
36:09 Guard Tower
36:38 Farm
36:44 Scout Tower
37:16 Guard Tower
37:18 Farm
37:27 Barracks
37:47 Guard Tower
38:02 Scout Tower
38:05 Scout Tower
38:16 Arcane Vault
38:25 Gryphon Aviary
38:58 Blacksmith
39:24 Guard Tower
40:33 Guard Tower
40:34 Guard Tower
40:50 Guard Tower
41:08 Scout Tower
41:34 Farm
41:38 Guard Tower
42:03 Scout Tower
42:23 Farm
42:32 Guard Tower
42:50 Guard Tower
42:54 Guard Tower
43:38 Scout Tower
43:48 Castle
44:16 Guard Tower
44:53 Workshop
45:12 Guard Tower
45:31 Guard Tower
45:44 Workshop
46:05 Guard Tower
46:55 Scout Tower
47:49 Guard Tower
47:55 Guard Tower
48:29 Guard Tower
» items
| Ivory Tower | 34 | |
| Scroll of Protection | 1 | |
| Scroll of Town Portal | 2 | |
| Orb of Fire | 1 | |
| Dust of Appearance | 1 | |
| Periapt of Vitality | 1 | |
| Potion of Lesser Invulnerability | 1 | |
| Potion of Healing | 1 | |
42 total
team 2 (winner)
7.35 (
green | 69 APM | 4225 actions | 60:48)
10 Blademaster
3 Wind Walk
3 Critical Strike
1 Bladestorm
3 Mirror Image
» actions
| Assign group hotkey | 115 | |
| Basic commands | 112 | |
| Build / train | 142 | |
| ESC pressed | 2 | |
| Enter build submenu | 67 | |
| Enter hero's abilities submenu | 10 | |
| Give item / drop item | 18 | |
| Remove unit from queue | 3 | |
| Right click | 1932 | |
| Select / deselect | 591 | |
| Select group hotkey | 947 | |
| Use ability | 286 | |
4225 total
» units
| Peon | 14 | |
| Wind Rider | 4 | |
| Troll Batrider | 40 | |
| Troll Witch Doctor | 3 | |
| Tauren | 2 | |
| Spirit Walker | 1 | |
| Raider | 3 | |
| Shaman | 1 | |
68 total
» upgrades
| Ranged Weapons | 3 | |
| Liquid Fire | 1 | |
| Envenomed Spears | 1 | |
| Armor | 3 | |
| Witch Doctor Training | 2 | |
| Pulverize | 1 | |
| Reinforced Defenses | 1 | |
| Melee Weapons | 3 | |
| Ensnare | 1 | |
| Shaman Training | 2 | |
| Pillage | 1 | |
| Spiked Barricades | 1 | |
| Spirit Walker Training | 2 | |
22 total
» buildings
| Altar of Storms | 1 | |
| Orc Burrow | 7 | |
| Voodoo Lounge | 3 | |
| War Mill | 1 | |
| Stronghold | 1 | |
| Watch Tower | 40 | |
| Beastiary | 2 | |
| Fortress | 1 | |
| Great Hall | 3 | |
| Spirit Lodge | 1 | |
| Tauren Totem | 1 | |
61 total
» build order
00:05 Altar of Storms
00:18 Orc Burrow
00:43 Voodoo Lounge
01:15 War Mill
01:46 Orc Burrow
03:12 Stronghold
03:48 Watch Tower
03:48 Watch Tower
03:53 Watch Tower
03:59 Watch Tower
04:32 Orc Burrow
05:33 Beastiary
05:36 Watch Tower
05:37 Watch Tower
05:41 Beastiary
07:54 Fortress
09:18 Orc Burrow
10:44 Watch Tower
10:45 Watch Tower
12:08 Watch Tower
15:06 Watch Tower
15:07 Watch Tower
15:09 Watch Tower
15:10 Watch Tower
16:27 Watch Tower
16:28 Watch Tower
17:14 Great Hall
17:31 Watch Tower
17:31 Watch Tower
17:59 Orc Burrow
18:59 Spirit Lodge
20:00 Voodoo Lounge
21:18 Tauren Totem
36:26 Orc Burrow
39:32 Watch Tower
39:33 Watch Tower
39:34 Watch Tower
39:34 Watch Tower
41:12 Watch Tower
41:12 Watch Tower
41:15 Voodoo Lounge
41:17 Orc Burrow
41:20 Watch Tower
42:23 Watch Tower
42:23 Watch Tower
46:11 Watch Tower
46:12 Watch Tower
46:12 Watch Tower
46:13 Watch Tower
46:14 Watch Tower
46:15 Watch Tower
46:18 Watch Tower
46:19 Watch Tower
46:23 Great Hall
52:52 Great Hall
52:55 Watch Tower
52:56 Watch Tower
52:58 Watch Tower
53:03 Watch Tower
53:05 Watch Tower
53:08 Watch Tower
» items
| Healing Salve | 11 | |
| Lesser Clarity Potion | 12 | |
| Boots of Speed | 1 | |
| Staff of Teleportation | 1 | |
| Periapt of Vitality | 2 | |
| Potion of Lesser Invulnerability | 2 | |
| Orb of Lightning | 1 | |
| Potion of Healing | 3 | |
| Potion of Mana | 1 | |
| Tiny Great Hall | 1 | |
35 total
Chat log
(23:20 / All) youngunhua: pause 30 sec
(23:21 / All) youngunhua: phone
(23:23 / All) 7.35: LOL